 Dungeon Crawl Stone Soup version 0.30.0-29-ga12c61a403 (webtiles) character file.

Game seed: 17815966077171299498

6838 GimliDwarf the Thaumaturge (level 11, -5/86 HPs)
             Began as a Gnoll Wanderer on June 15, 2023.
             Was an Elder of Ashenzari.
             Slain by a komodo dragon (20 damage)
             ... on level 1 of the Lair of Beasts.
             The game lasted 00:47:40 (9510 turns).

GimliDwarf the Thaumaturge (Gnoll Wanderer)         Turns: 9510, Time: 00:47:40

Health: -5/86      AC: 13    Str:  8    XL:     11   Next: 5%
Magic:  33/33      EV: 18    Int: 17    God:    Ashenzari [****..]
Gold:   262        SH:  0    Dex: 22    Spells: 9/29 levels left

rFire   x . .        c - staff of conjuration of Ashenzari's Black Moon (curse) {Comp, Self} (curse)
rCold   . . .        (no shield)
rNeg    + . .        a - +1 leather armour "Share My Jealousy" {rN+, Bglg, Melee} (curse)
rPois   .            A - +2 hat "Revealing Pantheism" {Evo, Melee} (curse)
rElec   .            d - +0 cloak of Ashenzari's Servitude {Alch, Cun} (curse)
rCorr   +            f - +1 pair of gloves of Dishonour {Fly rF- rCorr Stlth+}
SInv    +            B - +1 pair of boots "Apathy of Ashenzari" {Melee, Cun} (curse)
Will    .....        o - amulet of the Fated Stoicism {RegenMP, Range, Comp} (curse)
Stlth   +++++        y - ring of Ashenzari's Mistrust {MP+9, Comp, Fort} (curse)
HPRegen 0.34/turn    G - +6 ring of dexterity
MPRegen 0.63/turn

%: clarity
@: flying, studying Shields
A: fangs 1, strong nose, distributed training, agile 1
a: Renounce Religion, Shatter the Chains


You were on level 1 of the Lair of Beasts.
You worshipped Ashenzari.
Ashenzari was greatly pleased with you.
You visited 2 branches of the dungeon, and saw 10 of its levels.

You collected 635 gold pieces.
You spent 373 gold pieces at shops.

Inventory:

Hand Weapons
 j - the +3 mace "Conservator" {antimagic, rF+ rCorr Str-2 Dex+3}
   (You found it on level 2 of the Dungeon)

   Str:       It affects your strength (-2).
   Dex:       It affects your dexterity (+3).
   rF:        It protects you from fire.
   rCorr:     It protects you from acid and corrosion.
Missiles
 n - 2 atropa-tipped darts
 C - a curare-tipped dart
Armour
 a - the cursed +1 leather armour "Share My Jealousy" (worn) {rN+, Bglg, Melee}
   (You found it on level 1 of the Dungeon)

   It has a curse which improves the following skills: Beguiling: Conjurations,
   Hexes and Translocations.
   Melee Combat: Short Blades, Long Blades, Axes, Maces & Flails, Polearms,
   Staves and Unarmed Combat.
 d - the cursed +0 cloak of Ashenzari's Servitude (worn) {Alch, Cun}

   It has a curse which improves the following skills: Alchemy: Poison Magic and
   Transmutations.
   Cunning:   Dodging and Stealth.
 f - the +1 pair of gloves of Dishonour (worn) {Fly rF- rCorr Stlth+}
   (You bought it in a shop on level 1 of the Dungeon)

   rF:        It makes you vulnerable to fire.
   Fly:       It grants you flight.
   rCorr:     It protects you from acid and corrosion.
   Stlth:     It makes you more stealthy.
 A - the cursed +2 hat "Revealing Pantheism" (worn) {Evo, Melee}
   (You found it on level 6 of the Dungeon)

   It has a curse which improves the following skills: Evocations: Evocations.
   Melee Combat: Short Blades, Long Blades, Axes, Maces & Flails, Polearms,
   Staves and Unarmed Combat.
 B - the cursed +1 pair of boots "Apathy of Ashenzari" (worn) {Melee, Cun}
   (You found it on level 7 of the Dungeon)

   It has a curse which improves the following skills: Melee Combat: Short
   Blades, Long Blades, Axes, Maces & Flails, Polearms, Staves and Unarmed
   Combat.
   Cunning:   Dodging and Stealth.
 D - a +0 pair of gloves
 E - a scarf of shadows
Magical Staves
 c - the cursed staff of conjuration of Ashenzari's Black Moon (weapon) {Comp, Self}
   (You found it on level 6 of the Dungeon)

   [staff of conjuration]

   Base accuracy: +5 Base damage: 5 Base attack delay: 1.2 This weapon's minimum
   attack delay (0.6) is reached at skill level 12.
   It falls into the 'Staves' category.
   It is a one-handed weapon.
   It has a curse which improves the following skills: Companions: Summonings
   and Necromancy.
   Introspection: Fighting and Spellcasting.
Jewellery
 g - a ring of flight
 o - the cursed amulet of the Fated Stoicism (around neck) {RegenMP, Range, Comp}
   (You found it on level 3 of the Dungeon)

   [amulet of magic regeneration]

   It increases your rate of magic regeneration.
   It has a curse which improves the following skills: Ranged Combat: Ranged
   Weapons and Throwing.
   Companions: Summonings and Necromancy.
 t - a ring of ice
 y - the cursed ring of Ashenzari's Mistrust (left hand) {MP+9, Comp, Fort}
   (You found it on level 5 of the Dungeon)

   [ring of magical power]

   MP:        It affects your magic capacity (+9).
   It has a curse which improves the following skills: Companions: Summonings
   and Necromancy.
   Fortitude: Armour and Shields.
 F - a ring of resist corrosion
 G - a +6 ring of dexterity (right hand)
Wands
 s - a wand of quicksilver (1)
 v - a wand of polymorph (2)
Scrolls
 i - 2 scrolls of amnesia
 l - a scroll of fog
 m - a scroll of brand weapon
 p - 3 scrolls of blinking
 q - 3 scrolls of poison
 w - 2 scrolls of enchant weapon
 x - 5 scrolls of teleportation
Potions
 b - a potion of brilliance
 e - 2 potions of curing
 h - 3 potions of berserk rage
 k - 4 potions of flight
 r - a potion of invisibility
 u - a potion of resistance
 z - a potion of lignification
 H - a potion of haste


   Skills:
 + Level 6.1(8.0) Fighting
 + Level 6.1(9.7) Short Blades
 + Level 6.1(9.7) Long Blades
 + Level 6.1(9.7) Axes
 + Level 6.1(9.7) Maces & Flails
 + Level 6.1(9.7) Polearms
 + Level 6.1(9.7) Staves
 + Level 6.1(8.0) Ranged Weapons
 + Level 6.1(8.0) Throwing
 + Level 6.1(8.0) Armour
 + Level 6.7(9.4) Dodging
 + Level 6.6(9.4) Stealth
 + Level 6.2(8.1) Shields
 + Level 6.1(9.7) Unarmed Combat
 + Level 8.0(9.9) Spellcasting
 + Level 5.0(6.8) Conjurations
 + Level 5.0(6.8) Hexes
 + Level 5.0(8.5) Summonings
 + Level 5.0(8.5) Necromancy
 + Level 5.0(6.8) Translocations
 + Level 5.0(6.8) Transmutations
 + Level 5.0 Fire Magic
 + Level 5.0 Ice Magic
 + Level 7.5 Air Magic
 + Level 5.0 Earth Magic
 + Level 5.5(7.3) Poison Magic
 + Level 6.7 Invocations
 + Level 7.7(9.6) Evocations


You had 9 spell levels left.
You knew the following spells:

 Your Spells              Type           Power      Damage    Failure   Level
a - Shock                 Conj/Air       100%       1d9       1%          1
c - Mephitic Cloud        Conj/Pois/Air  49%        N/A       1%          3
d - Searing Ray           Conj           94%        2d7       1%          2
e - Airstrike             Air            17%        2d(3-19)  4%          4
f - Fulminant Prism       Conj/Hex       23%        3d12      7%          4
g - Dispel Undead         Necr           37%        3d15      3%          4
h - Momentum Strike       Conj/Tloc      94%        3d10      1%          2

Your spell library contained the following spells:

 Spells                   Type           Power      Damage    Failure   Level
 Beastly Appendage        Tmut           62%        N/A       1%          1
 Kiss of Death            Conj/Necr      100%       2d13      1%          1
 Magic Dart               Conj           100%       1d8       1%          1
 Blink                    Tloc           62%        N/A       1%          2
 Call Imp                 Summ           74%        N/A       1%          2
 Cigotuvi's Dreadful Rot  Necr/Pois/Air  70%        N/A       1%          2
 Lesser Beckoning         Tloc           62%        N/A       1%          2
 Poisonous Vapours        Pois/Air       66%        N/A       1%          2
 Wereblood                Tmut           31%        N/A       1%          2
 Confusing Touch          Hex            31%        N/A       1%          3
 Portal Projectile        Hex/Tloc       62%        N/A       1%          3
 Spider Form              Tmut/Pois      32%        N/A       1%          3
 Swiftness                Air            34%        N/A       1%          3
 Tukima's Dance           Hex            31%        N/A       1%          3
 Blade Hands              Tmut           15%        N/A       19%         5


Dungeon Overview and Level Annotations

Branches:
Dungeon (9/15)             Temple (0/1) D:5            Lair (1/5) D:8
    Orc: D:9-12

Altars:
Ashenzari
Fedhas
Gozag
Kikubaaqudgha
Uskayaw
Wu Jian
Xom

Shops:
D:1 *[   D:9 (


Innate Abilities, Weirdness & Mutations

You have very sharp teeth.
Your uncanny sense of smell can sniff out nearby items.
Your experience applies equally to all skills.
You are agile. (Dex +4, Str/Int -1)


Message History

Aiming: Searing Ray (safe; 1% risk of failure)
Press: ? - help, Shift-Dir - straight line, f/p - basilisk
Aim: a basilisk (77% to hit)
You feel a surge of power!
The searing ray hits the basilisk!
The basilisk is moderately wounded. (Press . to maintain the ray.)
The komodo dragon hisses angrily.
The basilisk completely misses you.
The searing ray hits the basilisk!
The basilisk is heavily wounded.
The basilisk gazes at you.
You are slowing down.
The searing ray misses the basilisk.
The basilisk bites you.
Your limbs are stiffening.
The searing ray hits the basilisk!
The basilisk is severely wounded.
You finish channelling your searing ray.
You have turned to stone.
The komodo dragon bites you! The komodo dragon bites you!!
The komodo dragon bites you. The komodo dragon bites you!!
The komodo dragon bites you but does no damage.
The komodo dragon bites you!! The komodo dragon bites you!!
The komodo dragon bites you!
* * * LOW HITPOINT WARNING * * *
The komodo dragon bites you but does no damage.
The komodo dragon bites you!!
* * * LOW HITPOINT WARNING * * *
You turn to flesh and can move again.
Unknown command.
Okay, then.
The komodo dragon attacks as you move away!
The komodo dragon bites you but does no damage.
The basilisk gazes at you. You resist with some effort.
There is a staircase back to the Dungeon here.
The komodo dragon bites you!!
You die...

,* * * * , , , , ,, , ,
##### ** .. ,,* * ##...#
### * ,.** ##....#
##.### .#*#,,,* #.....#
### #P...##.#.#.
##....###.###@...#......
###P.......l...........
#.......l.....(...l...
** #..........##P......#
,,,*
#.....#....##.........,
, ###...P....#........##
#..................# ,
*##..#............#.. ,
* *
**#....#.##......#....#
.,


You could see a komodo dragon, a basilisk and a wyvern (wandering).

Vanquished Creatures
  2 two-headed ogres
  2 gargoyles (D:7)
  A troll (D:8)
  The ghost of turdburglar the Trooper, an amateur DsMo of Kikubaaqudgha (D:4)
  A wraith (D:9)
  4 yaks (D:8)
  A wyvern (D:7)
  Eustachio (D:5)
  A vampire (D:7)
  A steam dragon (D:6)
  Menkaure (D:6)
  2 orc warriors
  A sky beast (D:7)
  A black bear (D:7)
  2 ogres (D:4)
  2 centaurs (D:8)
  3 wolves (D:8)
  A phantom (D:7)
  A kobold brigand (D:7)
  2 gnoll sergeants (D:7)
  2 bullfrogs
  4 scorpions
  8 wights
  2 howler monkeys
  2 electric eels (D:8)
  2 gnoll boudas
  3 jellies
  3 orc priests
  7 hounds
  8 orc wizards
  4 iguanas
  Ijyb (D:5)
  8 adders
  15 gnolls
  2 shadow imps
  A white imp (D:6)
  3 ufetubi
  A worm (D:3)
  31 orcs
  8 endoplasms
  3 giant cockroaches
  6 hobgoblins
  2 jackals (D:4)
  A quokka (D:1)
  A ball python (D:3)
  6 bats
  6 frilled lizards
  7 goblins
  7 kobolds
  3 rats
188 creatures vanquished.

Vanquished Creatures (others)
  2 fulminant prisms
2 creatures vanquished.

Grand Total: 190 creatures vanquished

Notes
Turn   | Place    | Note
-------+----------+-------------------------------------------
     0 | D:1      | GimliDwarf the Gnoll Wanderer began the quest for the Orb.
     0 | D:1      | GimliDwarf set off with the following items: a +0 dagger, a
                  | potion of brilliance, a +0 robe, a +0 cloak; and the
                  | following spell memorised: Shock; and the following spells
                  | available to memorise: Poisonous Vapours, Swiftness,
                  | Cigotuvi's Dreadful Rot, Mephitic Cloud.
     0 | D:1      | Reached XP level 1. HP: 13/13 MP: 6/6
   281 | D:1      | Reached XP level 2. HP: 19/19 MP: 4/7
   316 | D:1      | Learned a level 2 spell: Poisonous Vapours
   320 | D:1      | Found Mokuc's Antique Armour Boutique.
   604 | D:1      | Found Zuips's Assorted Antiques.
   740 | D:1      | Reached skill level 5 in Spellcasting
   740 | D:1      | Reached XP level 3. HP: 25/25 MP: 5/9
   790 | D:1      | Found a faded altar of an unknown god.
   794 | D:1      | Prayed at the altar of an unknown god.
   794 | D:1      | Became a worshipper of Ashenzari the Shackled
  1233 | D:2      | Reached skill level 1 in Invocations
  1339 | D:2      | Identified the +3 mace "Conservator" {antimagic, rF+ rCorr
                  | Str-2 Dex+3}
  1583 | D:2      | Learned a level 3 spell: Mephitic Cloud
  1903 | D:3      | Reached skill level 1 in Fighting
  1903 | D:3      | Reached skill level 1 in Short Blades
  1903 | D:3      | Reached skill level 1 in Long Blades
  1903 | D:3      | Reached skill level 1 in Axes
  1903 | D:3      | Reached skill level 1 in Maces & Flails
  1903 | D:3      | Reached skill level 1 in Polearms
  1903 | D:3      | Reached skill level 1 in Staves
  1903 | D:3      | Reached skill level 1 in Ranged Weapons
  1903 | D:3      | Reached skill level 1 in Throwing
  1903 | D:3      | Reached skill level 1 in Armour
  1903 | D:3      | Reached skill level 1 in Shields
  1903 | D:3      | Reached skill level 1 in Unarmed Combat
  2090 | D:3      | Reached XP level 4. HP: 32/32 MP: 8/11
  2418 | D:3      | Reached skill level 1 in Conjurations
  2418 | D:3      | Reached skill level 1 in Hexes
  2418 | D:3      | Reached skill level 1 in Summonings
  2418 | D:3      | Reached skill level 1 in Necromancy
  2418 | D:3      | Reached skill level 1 in Translocations
  2418 | D:3      | Reached skill level 1 in Transmutations
  2418 | D:3      | Reached skill level 1 in Fire Magic
  2418 | D:3      | Reached skill level 1 in Ice Magic
  2418 | D:3      | Reached skill level 1 in Earth Magic
  2418 | D:3      | Reached * piety under Ashenzari
  2733 | D:3      | Gained mutation: You are agile. (Dex +4, Str/Int -1)
                  | [potion of mutation]
  2898 | D:3      | Reached ** piety under Ashenzari
  2916 | D:4      | Learned a level 2 spell: Searing Ray
  2921 | D:4      | Learned a level 4 spell: Airstrike
  2922 | D:4      | Noticed a scorpion
  2927 | D:4      | Killed a scorpion
  2928 | D:4      | Reached XP level 5. HP: 35/39 MP: 7/13
  2957 | D:4      | Found a blossoming altar of Fedhas.
  3112 | D:1      | Bought a pair of dazzling gloves for 190 gold pieces
  3112 | D:1      | Identified the +1 pair of gloves of Dishonour {Fly rF-
                  | rCorr Stlth+} (You bought it in a shop on level 1 of the
                  | Dungeon)
  3209 | D:4      | Noticed an ogre
  3214 | D:4      | Killed an ogre
  3215 | D:4      | Reached XP level 6. HP: 46/46 MP: 6/15
  3288 | D:4      | Reached skill level 5 in Evocations
  3643 | D:4      | Noticed turdburglar's ghost (amateur DsMo)
  3694 | D:4      | Found a transporter.
  3694 | D:4      | Found a transporter.
  3948 | D:5      | Entered Level 5 of the Dungeon
  3964 | D:5      | Reached XP level 7. HP: 52/52 MP: 13/17
  3978 | D:5      | Noticed Ijyb
  4004 | D:5      | Killed Ijyb
  4040 | D:5      | Found a staircase to the Ecumenical Temple.
  4110 | D:5      | Found an opulent altar of Gozag.
  4203 | D:5      | Noticed Eustachio
  4209 | D:5      | Killed Eustachio
  4292 | D:5      | Reached XP level 8. HP: 58/60 MP: 13/18
  4731 | D:5      | Reached *** piety under Ashenzari
  4863 | D:6      | Reached skill level 6 in Spellcasting
  4912 | D:6      | Found an ancient bone altar of Kikubaaqudgha.
  4915 | D:6      | Noticed Menkaure
  4923 | D:6      | Killed Menkaure
  5594 | D:7      | Reached XP level 9. HP: 65/65 MP: 18/18
  5959 | D:7      | Reached skill level 5 in Dodging
  6073 | D:7      | Reached skill level 5 in Stealth
  6200 | D:7      | Noticed a gargoyle
  6205 | D:7      | Noticed a gargoyle
  6543 | D:7      | Found an ornate altar of the Wu Jian Council.
  6543 | D:7      | Found a shimmering altar of Xom.
  6543 | D:7      | Found a hide-covered altar of Uskayaw.
  6939 | D:7      | Reached skill level 5 in Invocations
  7186 | D:7      | Killed a gargoyle
  7187 | D:7      | Reached skill level 7 in Spellcasting
  7256 | D:7      | Learned a level 4 spell: Fulminant Prism
  7492 | D:8      | Reached skill level 5 in Fighting
  7492 | D:8      | Reached skill level 5 in Short Blades
  7492 | D:8      | Reached skill level 5 in Long Blades
  7492 | D:8      | Reached skill level 5 in Axes
  7492 | D:8      | Reached skill level 5 in Maces & Flails
  7492 | D:8      | Reached skill level 5 in Polearms
  7492 | D:8      | Reached skill level 5 in Staves
  7492 | D:8      | Reached skill level 5 in Ranged Weapons
  7492 | D:8      | Reached skill level 5 in Throwing
  7492 | D:8      | Reached skill level 5 in Armour
  7492 | D:8      | Reached skill level 5 in Shields
  7492 | D:8      | Reached skill level 5 in Unarmed Combat
  7492 | D:8      | Reached XP level 10. HP: 77/77 MP: 22/22
  7611 | D:8      | Found a staircase to the Lair.
  7692 | D:8      | Reached **** piety under Ashenzari
  8074 | D:8      | Noticed a two-headed ogre
  8079 | D:8      | Killed a two-headed ogre
  8080 | D:8      | Reached skill level 5 in Poison Magic
  8219 | D:9      | Noticed a two-headed ogre
  8222 | D:9      | Killed a two-headed ogre
  8423 | D:1      | Bought a scroll labelled HACULE YPSUNOSM for 23 gold pieces
  8437 | D:1      | Bought a glowing scarf for 160 gold pieces
  8577 | Lair:1   | Entered Level 1 of the Lair of Beasts
  8844 | D:9      | Found Gatav's Antique Weapon Emporium.
  8960 | D:9      | Learned a level 4 spell: Dispel Undead
  9015 | D:7      | Killed a gargoyle
  9112 | D:4      | Learned a level 2 spell: Momentum Strike
  9138 | D:4      | Killed turdburglar's ghost
  9163 | D:4      | Reached skill level 5 in Conjurations
  9163 | D:4      | Reached skill level 5 in Hexes
  9163 | D:4      | Reached skill level 5 in Summonings
  9163 | D:4      | Reached skill level 5 in Necromancy
  9163 | D:4      | Reached skill level 5 in Translocations
  9163 | D:4      | Reached skill level 5 in Transmutations
  9163 | D:4      | Reached skill level 5 in Fire Magic
  9163 | D:4      | Reached skill level 5 in Ice Magic
  9163 | D:4      | Reached skill level 5 in Earth Magic
  9382 | D:8      | Reached XP level 11. HP: 86/86 MP: 24/24
  9411 | D:8      | Reached skill level 8 in Spellcasting
  9510 | Lair:1   | Slain by a komodo dragon

Illustrated notes

Levels and vault maps discovered:
D:1:      dpeg_arrival_long_road, layout_basic, serial_shops,
          nicolae_shop_behind_doors, shop,
          hellmonk_ecumenical_altar_heavens_door
D:2:      layout_rooms, serial_forest, infiniplex_forest_clump_small,
          infiniplex_forest_end_2, infiniplex_forest_join,
          infiniplex_forest_lined_4_way, infiniplex_forest_clump_tiny,
          infiniplex_forest_clump_C, infiniplex_forest_lined_3,
          infiniplex_forest_clump_diagonal, infiniplex_forest_end_3
D:3:      layout_basic, minmay_misc_feat_enclosed
D:4:      layout_loops_ring, old_standard_altar, gammafunk_ghost_gnarly_gnolls
D:5:      wander_river, layout_basic, lemuel_doored_altar,
          minmay_temple_entry_statues, uniq_eustachio, uniq_ijyb
D:6:      layout_loops_cross, lemuel_crystal_altar, uniq_menkaure
D:7:      minmay_chambers_of_sixes, layout_basic,
          gammafunk_temple_overflow_forgotten
D:8:      layout_loops_ring, erik_lair_island
D:9:      layout_rooms, orc_david_3, serial_shops,
          nicolae_shop_pleasant_corner_grove, minmay_gold_behind_fungi
Lair:1:   layout_misc_corridors, dreamdust_gnoll_shepherd

Skill      XL: |  1  2  3  4  5  6  7  8  9 10 11 |
---------------+----------------------------------+-----
Poison Magic   | 2 3 4 5 |  5.5
Spellcasting   | 5 6 7 8 |  8.0
Invocations    | 1 2 3 4 5 6 |  6.7
Fighting       | 1 2 3 5 6 |  6.1
Short Blades   | 1 2 3 5 6 |  6.1
Long Blades    | 1 2 3 5 6 |  6.1
Axes           | 1 2 3 5 6 |  6.1
Maces & Flails | 1 2 3 5 6 |  6.1
Polearms       | 1 2 3 5 6 |  6.1
Staves         | 1 2 3 5 6 |  6.1
Ranged Weapons | 1 2 3 5 6 |  6.1
Throwing       | 1 2 3 5 6 |  6.1
Armour         | 1 2 3 5 6 |  6.1
Shields        | 1 2 3 5 6 |  6.2
Unarmed Combat | 1 2 3 5 6 |  6.1
Conjurations   | 1 2 3 4 5 |  5.0
Hexes          | 1 2 3 4 5 |  5.0
Summonings     | 1 2 3 4 5 |  5.0
Necromancy     | 1 2 3 4 5 |  5.0
Translocations | 1 2 3 4 5 |  5.0
Transmutations | 1 2 3 4 5 |  5.0
Fire Magic     | 1 2 3 4 5 |  5.0
Ice Magic      | 1 2 3 4 5 |  5.0
Earth Magic    | 1 2 3 4 5 |  5.0
Dodging        | 3 4 5 6 |  6.7
Stealth        | 3 4 5 6 |  6.6
Evocations     | 5 6 7 |  7.7
Air Magic      | 6 7 |  7.5

Action                     |  1- 3 |  4- 6 |  7- 9 | 10-12 || total
---------------------------+-------+-------+-------+-------++-------
  Melee: Dagger            |     6 |     7 |    13 |       ||    26
         Bite              |     1 |     1 |     2 |     1 ||     5
         Staff             |       |       |     7 |    18 ||    25
         Punch             |       |       |     1 |       ||     1
   Cast: Shock             |    71 |    56 |    77 |    15 ||   219
         Poisonous Vapours |     3 |       |     4 |       ||     7
         Searing Ray       |       |     9 |    41 |    16 ||    66
         Airstrike         |       |     1 |    34 |    31 ||    66
         Mephitic Cloud    |       |       |     6 |     6 ||    12
         Dispel Undead     |       |       |       |     2 ||     2
         Fulminant Prism   |       |       |       |     2 ||     2
         Momentum Strike   |       |       |       |     1 ||     1
 Invoke: Curse Item        |     1 |     3 |     3 |     2 ||     9
         Shatter the Chain |       |       |     2 |       ||     2
    Use: Potion            |       |     1 |     5 |     1 ||     7
         Scroll            |       |       |     1 |     1 ||     2
   Stab: Confused          |       |       |     1 |       ||     1
         Distracted        |       |       |       |     1 ||     1
 Armour: Robe              |     1 |     3 |     5 |       ||     9
         Leather armour    |       |       |    24 |    20 ||    44
  Dodge: Dodged            |    10 |     9 |    76 |    36 ||   131
